 Dungeon Sprint DCSS version 0.19-a0-1513-gf6d23ed (webtiles) character file.

109 poirepourri the Covert (level 4, -2/21 HPs)
             Began as a Spriggan Enchanter on Sept 12, 2016.
             Was an Initiate of Dithmenos.
             Splashed by an oklob sapling wizard's acid (12 damage)
             ... in the Dungeon (Sprint IV: "Fedhas' Mad Dash").
             The game lasted 00:00:44 (121 turns).

poirepourri the Covert (Spriggan Enchanter)          Turns: 121, Time: 00:00:44

Health: -2/21      AC:  4    Str:  4    XL:     4   Next: 59%
Magic:  9/9        EV: 18    Int: 16    God:    Dithmenos [......]
Gold:   37         SH:  0    Dex: 17    Spells: 2 memorised, 5 levels left

rFire  . . .     SeeInvis +     a - +1 dagger
rCold  . . .     Gourm    .     b - +1 robe
rNeg   . . .     Faith    .     (shield restricted)
rPois  .         Spirit   .     (helmet restricted)
rElec  .         Dismiss  .     l - +0 cloak
rCorr  .         Reflect  .     (gloves unavailable)
MR     .....     Harm     .     (boots unavailable)
Stlth  ++++++.... NoTele   +    i - amulet of invisibility {+Inv}
                                (no ring)
                                (no ring)

@: very quick
A: unfitting armour, see invisible, herbivore 3, speed 3, slow metabolism 2
a: Renounce Religion, Evoke Invisibility


You were in the Dungeon.
You worshipped Dithmenos.
Dithmenos was noncommittal.
You were not hungry.

You visited 1 branch You collected 37 gold pieces.

Inventory:

Hand Weapons
 a - a +1 dagger (weapon)
Armour
 b - a +1 robe (worn)
 l - a +0 cloak (worn)
Jewellery
 i - the amulet of invisibility (around neck) {+Inv}
   (You found it in the Dungeon)

   [amulet of nothing]

   It lets you turn invisible.
Scrolls
 j - a scroll of blinking
Potions
 e - a potion of curing
 f - a potion of heal wounds
 g - a potion of haste
 h - 2 potions of magic
 k - a potion of agility {unknown}
Books
 c - a book of Maledictions

   Spells                             Type                      Level
   a - Corona                         Hexes                        1
   b - Ensorcelled Hibernation        Hexes/Ice                    2
   c - Confuse                        Hexes                        3
   d - Tukima's Dance                 Hexes                        3
   e - Dazzling Spray                 Conjuration/Hexes            3
Comestibles
 d - a bread ration


   Skills:
 + Level 0.4 Fighting
 + Level 2.4 Short Blades
 - Level 3.0 Dodging
 + Level 13.7 Stealth
 - Level 2.6 Spellcasting
 - Level 3.6 Hexes


You had 5 spell levels left.
You knew the following spells:

 Your Spells              Type           Power        Failure   Level  Hunger
a - Corona                Hex            ##.....      6%          1    #......
b - Ensorcelled Hibernat  Hex/Ice        #.....       17%         2    ##.....


Dungeon Overview and Level Annotations

Branches:
Dungeon (1/1)

Altars:
Cheibriados
Dithmenos
Elyvilon
Gozag
Hepliaklqana
Kikubaaqudgha
Makhleb
Nemelex Xobeh
Okawaru
Qazlal
Ru
Sif Muna
Trog
Uskayaw
Vehumet
Xom
Yredelemnul
Zin
The Shining One
Beogh
Jiyva
Lugonu

Annotations:
D exclusion: oklob sapling


Innate Abilities, Weirdness & Mutations

You are tiny and cannot use many weapons and most armour.
You have supernaturally acute eyesight. (SInv)
You are a herbivore.
You cover ground extremely quickly.
You need consume almost no food.


Message History

You destroy the oklob sapling priest!
Your Stealth skill gained 2 levels and is now at level 13!
You have reached level 4!
There is a sparkling altar of Nemelex Xobeh here.
There is an iron altar of Okawaru here.
There is a shadowy altar of Dithmenos here.
You kneel at the altar of Dithmenos.
Dithmenos welcomes you!
There is a white marble altar of Elyvilon here.
There is a fountain of clear blue water here.
You open the door.
Marking area around the oklob sapling wizard as unsafe for travelling.
An oklob sapling wizard comes into view.
Found a scroll labeled GAIKHL VIESIR and 7 gold pieces.
The oklob sapling wizard spits acid at you.
The splash of acid hits you!
Ouch! That really hurt!
The acid burns!
Ouch! That really hurt!
You die...

####################
..#.⌠._._._._.⌠.#.?+
..'.._._._._._..@.P#
..#..._._._._...#..#
+##.._._._._._..#.$#
#.⌠._._._._.⌠.####
###############


You could see an oklob sapling wizard.

Vanquished Creatures
  2 oklob saplings (D)
  A worker ant (D)
  A river rat (D)
  A rat (D)
5 creatures vanquished.

Notes
Turn   | Place    | Note
-------+----------+-------------------------------------------
     0 | D        | poirepourri the Spriggan Enchanter began the quest for the Orb.
     0 | D        | Reached XP level 1. HP: 9/9 MP: 5/5
    11 | D        | Reached skill level 7 in Stealth
    11 | D        | Reached XP level 2. HP: 13/13 MP: 2/6
    60 | D        | Learned a level 2 spell: Ensorcelled Hibernation
    61 | D        | Noticed an oklob sapling
    63 | D        | Killed an oklob sapling
    63 | D        | Reached skill level 10 in Stealth
    63 | D        | Reached XP level 3. HP: 15/16 MP: 8/8
    69 | D        | Reached skill level 11 in Stealth
    99 | D        | Found an opulent altar of Gozag.
    99 | D        | Found a hazy altar of Hepliaklqana.
    99 | D        | Found a burning altar of Makhleb.
    99 | D        | Found a roughly hewn altar of Beogh.
    99 | D        | Found a sparkling altar of Nemelex Xobeh.
    99 | D        | Found a snail-covered altar of Cheibriados.
    99 | D        | Found a sacrificial altar of Ru.
    99 | D        | Found a deep blue altar of Sif Muna.
    99 | D        | Found a shimmering altar of Xom.
    99 | D        | Found a basalt altar of Yredelemnul.
   100 | D        | Found a viscous altar of Jiyva.
   100 | D        | Found a bloodstained altar of Trog.
   100 | D        | Noticed an oklob sapling priest
   101 | D        | Found an iron altar of Okawaru.
   101 | D        | Found a shadowy altar of Dithmenos.
   101 | D        | Found a glowing silver altar of Zin.
   102 | D        | Found an ancient bone altar of Kikubaaqudgha.
   102 | D        | Found a hide-covered altar of Uskayaw.
   103 | D        | Found a stormy altar of Qazlal.
   103 | D        | Found a white marble altar of Elyvilon.
   103 | D        | Found a glowing golden altar of the Shining One.
   104 | D        | Found a corrupted altar of Lugonu.
   104 | D        | Found a radiant altar of Vehumet.
   107 | D        | Killed an oklob sapling priest
   107 | D        | Reached skill level 13 in Stealth
   107 | D        | Reached XP level 4. HP: 21/21 MP: 9/9
   113 | D        | Became a worshipper of Dithmenos the Shadowed
   121 | D        | Splashed by an oklob sapling wizard's acid

Vault maps used:
D:        dungeon_sprint_fedhas

Skill      XL: |  1  2  3 |
---------------+----------+-----
Stealth        | 7 10 13 | 13.7
Short Blades   | 2 |  2.4
Fighting       | |  0.4
Dodging        | |  3.0
Spellcasting   | |  2.6
Hexes          | |  3.6

Action                   |  1- 3 |  4- 6 || total
-------------------------+-------+-------++-------
Melee: Dagger            |     6 |       ||     6
 Cast: Corona            |     3 |       ||     3
  Use: Potion            |     1 |       ||     1
 Stab: Sleeping          |     3 |       ||     3
Dodge: Dodged            |     1 |       ||     1
